EL
CORPUS CHRISTI HOOKS @ BOWIE BAYSOX
07/11/2046
 
TOP OF THE 1ST
Corpus Christi Hooks batting - Pitching for Bowie Baysox : RHP Sam Wilson
Pitching: RHP Sam Wilson
Batting: LHB Kelvin Jones 0-0: Called Strike
0-1: Ball
1-1: Foul Ball, location: 2F
1-2: Ball
2-2: SINGLE (Line Drive, 56D, EV 93.8 MPH)
Batting: RHB Workneh Lagat 0-0: Swinging Strike
0-1: Ball
1-1: Swinging Strike
1-2: Strikes out swinging
Batting: RHB Elijah Hunter 0-0: Ball
Kelvin Jones steals 2nd base
1-0: Ball
2-0: Ball
3-0: Called Strike
3-1: Foul Ball, location: 2F
3-2: Foul Ball, location: 2F
3-2: Strikes out looking
Batting: SHB Paskar Adegoke 0-0: Foul Ball, location: 2F
0-1: Called Strike
0-2: Ball
1-2: Ball
2-2: Ball
3-2: Foul Ball, location: 2F
3-2: Fly out, F7 (Flyball, 7, EV 90.0 MPH)
Top of the 1st over - 0 runs, 1 hit, 0 errors, 1 left on base; Corpus Christi 0 - Bowie 0
BOTTOM OF THE 1ST
Bowie Baysox batting - Pitching for Corpus Christi Hooks : RHP Tim Watson
Pitching: RHP Tim Watson
Batting: RHB Ryan Taylor 0-0: Called Strike
0-1: Ball
1-1: Foul Ball, location: 2F
1-2: Foul Ball, location: 2F
1-2: SINGLE (Groundball, 6MD, EV 100.6 MPH)
Batting: RHB Angel Lescano 0-0: Foul Ball, location: 2F
0-1: Ball
1-1: Fly out, F7 (Flyball, 7S, EV 82.5 MPH)
Batting: RHB Tony Logan 0-0: Ball
1-0: Ball
2-0: Called Strike
2-1: Fly out, F5 (Popup, 5SF, EV 80.6 MPH)
Batting: LHB Matt Patnaude 0-0: Ball
Wild Pitch!
Ryan Taylor to second
1-0: Fly out, F8 (Flyball, 8RXD, EV 96.9 MPH)
Bottom of the 1st over - 0 runs, 1 hit, 0 errors, 1 left on base; Corpus Christi 0 - Bowie 0
TOP OF THE 2ND
Corpus Christi Hooks batting - Pitching for Bowie Baysox : RHP Sam Wilson
Batting: RHB Sam Spohn 0-0: Ball
1-0: Ball
2-0: Called Strike
2-1: Foul Ball, location: 2F
2-2: Fly out, F7 (Line Drive, 7S, EV 100.0 MPH)
Batting: LHB Bob Dietz 0-0: Foul Ball, location: 2F
0-1: Ball
1-1: Swinging Strike
1-2: Ball
2-2: TRIPLE (Flyball, 78XD, EV 100.0 MPH)
Batting: RHB Jamie Jennings 0-0: Called Strike
0-1: Ball
1-1: Ball
2-1: Foul Ball, location: 2F
2-2: Ball
3-2: Strikes out swinging
Batting: RHB Steve Moore 0-0: Ball
1-0: Called Strike
1-1: Ball
2-1: Fly out, F6 (Popup, 6MS, EV 76.2 MPH)
Top of the 2nd over - 0 runs, 1 hit, 0 errors, 1 left on base; Corpus Christi 0 - Bowie 0
BOTTOM OF THE 2ND
Bowie Baysox batting - Pitching for Corpus Christi Hooks : RHP Tim Watson
Batting: RHB Willie Manrique 0-0: Fly out, F7 (Flyball, 78M, EV 77.5 MPH)
Batting: LHB Jose Fierro 0-0: Ball
1-0: Ball
2-0: Ball
3-0: Called Strike
3-1: Base on Balls
Pitching: RHP Joe Rivin
Batting: LHB Raul Rojas 0-0: Ball
1-0: Ball
2-0: Swinging Strike
2-1: Ball
3-1: Called Strike
3-2: Foul Ball, location: 2F
3-2: Base on Balls
Jose Fierro to second
Batting: RHB Andy Chess 0-0: Called Strike
0-1: Ball
1-1: Swinging Strike
1-2: Foul Ball, location: 2F
1-2: Ball
Passed Ball!
Jose Fierro to third
Raul Rojas to second
2-2: Strikes out swinging
Batting: RHB Andrew Korman 0-0: Foul Ball, location: 2F
0-1: Ball
1-1: Swinging Strike
1-2: Ground out 5-3 (Groundball, 56, EV 108.1 MPH)
Bottom of the 2nd over - 0 runs, 0 hits, 0 errors, 2 left on base; Corpus Christi 0 - Bowie 0
TOP OF THE 3RD
Corpus Christi Hooks batting - Pitching for Bowie Baysox : RHP Sam Wilson
Batting: LHB Jimmy Edlin 0-0: Ball
1-0: Foul Ball, location: 2F
1-1: Swinging Strike
1-2: Ball
2-2: Strikes out swinging
Batting: LHB Kelvin Jones 0-0: Ball
1-0: Ball
2-0: Foul Ball, location: 2F
2-1: Foul Ball, location: 2F
2-2: Ball
3-2: Base on Balls
Batting: RHB Workneh Lagat 0-0: Ball
1-0: Ground out 4-3 (Groundball, 34S, EV 87.5 MPH)
Kelvin Jones to second
Batting: RHB Elijah Hunter 0-0: Called Strike
0-1: Foul Ball, location: 2F
0-2: Ball
1-2: Strikes out swinging
Top of the 3rd over - 0 runs, 0 hits, 0 errors, 1 left on base; Corpus Christi 0 - Bowie 0
BOTTOM OF THE 3RD
Bowie Baysox batting - Pitching for Corpus Christi Hooks : RHP Joe Rivin
Batting: RHB Ryan Taylor 0-0: Ball
1-0: Ball
2-0: Ball
3-0: Called Strike
3-1: Hit by Pitch
Batting: RHB Angel Lescano 0-0: Ball
1-0: Foul Ball, location: 2F
1-1: Ball
2-1: Fly out, F7 (Line Drive, 78M, EV 89.4 MPH)
Batting: RHB Tony Logan 0-0: Ball
Passed Ball!
Ryan Taylor to second
1-0: Called Strike
1-1: Foul Ball, location: 2F
1-2: Ball
2-2: Foul Ball, location: 2F
2-2: Foul Ball, location: 2F
2-2: Ball
3-2: Fly out, F9 (Flyball, 89M, EV 80.6 MPH)
Runner from 2nd tags up, OUT at 3rd! 9-5
Bottom of the 3rd over - 0 runs, 0 hits, 0 errors, 0 left on base; Corpus Christi 0 - Bowie 0
TOP OF THE 4TH
Corpus Christi Hooks batting - Pitching for Bowie Baysox : RHP Sam Wilson
Batting: SHB Paskar Adegoke 0-0: Called Strike
0-1: Ball
1-1: Foul Ball, location: 2F
1-2: Strikes out swinging
Batting: RHB Sam Spohn 0-0: Ball
1-0: Ball
2-0: Foul Ball, location: 2F
2-1: Ball
3-1: Ground out 5-3 (Groundball, 56, EV 104.4 MPH)
Batting: LHB Bob Dietz 0-0: Called Strike
0-1: Swinging Strike
0-2: Strikes out looking
Top of the 4th over - 0 runs, 0 hits, 0 errors, 0 left on base; Corpus Christi 0 - Bowie 0
BOTTOM OF THE 4TH
Bowie Baysox batting - Pitching for Corpus Christi Hooks : RHP Joe Rivin
Batting: LHB Matt Patnaude 0-0: Ball
1-0: Ball
2-0: Ball
3-0: Base on Balls
Pitching: RHP Salisbury Swanson
Batting: RHB Willie Manrique 0-0: Grounds into double play, 5-4-3 (Groundball, 56, EV 110.0 MPH)
Batting: LHB Jose Fierro 0-0: Ball
1-0: Ball
2-0: Called Strike
2-1: Foul Ball, location: 2F
2-2: Ground out U3 (Groundball, 34, EV 115.0 MPH)
Bottom of the 4th over - 0 runs, 0 hits, 0 errors, 0 left on base; Corpus Christi 0 - Bowie 0
TOP OF THE 5TH
Corpus Christi Hooks batting - Pitching for Bowie Baysox : RHP Sam Wilson
Batting: RHB Jamie Jennings 0-0: Ball
1-0: Ball
2-0: Ball
3-0: Called Strike
3-1: Fly out, F8 (Line Drive, 8RM, EV 91.9 MPH)
Batting: RHB Steve Moore 0-0: Called Strike
0-1: Foul Ball, location: 2F
0-2: Foul Ball, location: 2F
0-2: Ball
1-2: Ground out 6-3 (Groundball, 6, EV 111.9 MPH)
Batting: LHB Jimmy Edlin 0-0: Ball
1-0: Ball
2-0: Foul Ball, location: 2F
2-1: Foul Ball, location: 2F
2-2: Foul Ball, location: 2F
2-2: Foul Ball, location: 2F
2-2: SINGLE (Groundball, 4D, EV 104.4 MPH)
Batting: LHB Kelvin Jones 0-0: Ball
1-0: Fly out, F5 (Popup, 5L, EV 81.9 MPH)
Top of the 5th over - 0 runs, 1 hit, 0 errors, 1 left on base; Corpus Christi 0 - Bowie 0
BOTTOM OF THE 5TH
Bowie Baysox batting - Pitching for Corpus Christi Hooks : RHP Salisbury Swanson
Batting: LHB Raul Rojas 0-0: Ball
1-0: Called Strike
1-1: Called Strike
1-2: Foul Ball, location: 2F
1-2: Strikes out swinging
Batting: RHB Andy Chess 0-0: Ball
1-0: Called Strike
1-1: Fly out, F7 (Flyball, 78M, EV 78.8 MPH)
Batting: RHB Andrew Korman 0-0: Ball
1-0: Ball
2-0: Ground out 6-3 (Groundball, 6, EV 86.2 MPH)
Bottom of the 5th over - 0 runs, 0 hits, 0 errors, 0 left on base; Corpus Christi 0 - Bowie 0
TOP OF THE 6TH
Corpus Christi Hooks batting - Pitching for Bowie Baysox : RHP Sam Wilson
Pitching: RHP Travis Small
Batting: RHB Workneh Lagat 0-0: Ball
1-0: Ball
2-0: Swinging Strike
2-1: Called Strike
2-2: Foul Ball, location: 2F
2-2: Ball
3-2: Ground out 6-3 (Groundball, 6, EV 105.6 MPH)
Batting: RHB Elijah Hunter 0-0: Ball
1-0: Foul Ball, location: 2F
1-1: Fly out, F9 (Flyball, 9, EV 75.0 MPH)
Batting: SHB Paskar Adegoke 0-0: Ball
1-0: Ground out 4-3 (Groundball, 4, EV 85.0 MPH)
Top of the 6th over - 0 runs, 0 hits, 0 errors, 0 left on base; Corpus Christi 0 - Bowie 0
BOTTOM OF THE 6TH
Bowie Baysox batting - Pitching for Corpus Christi Hooks : RHP Salisbury Swanson
Batting: RHB Ryan Taylor 0-0: Fly out, F4 (Line Drive, 34, EV 67.5 MPH)
Pinch Hitting: RHB Vince Jackson 0-0: Ball
1-0: Foul Ball, location: 2F
1-1: Swinging Strike
1-2: Ball
2-2: Foul Ball, location: 2F
2-2: Strikes out swinging
Batting: RHB Tony Logan 0-0: Swinging Strike
0-1: Called Strike
0-2: Ground out 6-3 (Groundball, 56, EV 80.0 MPH)
Bottom of the 6th over - 0 runs, 0 hits, 0 errors, 0 left on base; Corpus Christi 0 - Bowie 0
TOP OF THE 7TH
Corpus Christi Hooks batting - Pitching for Bowie Baysox : RHP Travis Small
Now at 2B: Andy Chess
Now at SS: Vince Jackson
Batting: RHB Sam Spohn 0-0: Called Strike
0-1: Called Strike
0-2: Strikes out swinging
Batting: LHB Bob Dietz 0-0: Called Strike
0-1: Ball
1-1: Ground out 6-3 (Groundball, 6M, EV 87.5 MPH)
Batting: RHB Jamie Jennings 0-0: Swinging Strike
0-1: Ball
1-1: Swinging Strike
1-2: Strikes out swinging
Top of the 7th over - 0 runs, 0 hits, 0 errors, 0 left on base; Corpus Christi 0 - Bowie 0
BOTTOM OF THE 7TH
Bowie Baysox batting - Pitching for Corpus Christi Hooks : RHP Salisbury Swanson
Pitching: RHP Alex Salinas
Batting: LHB Matt Patnaude 0-0: DOUBLE (Flyball, 8RXD, EV 96.2 MPH)
Batting: RHB Willie Manrique 0-0: Ball
Wild Pitch!
Matt Patnaude to third
1-0: Called Strike
1-1: Ball
2-1: Ball
3-1: Base on Balls
Batting: LHB Jose Fierro 0-0: Called Strike
0-1: Foul Ball, location: 2F
0-2: Strikes out swinging
Batting: LHB Raul Rojas 0-0: Fielders Choice at 2nd, 3-6 (Groundball, 3, EV 87.5 MPH)
Matt Patnaude scores
Pinch Hitting: LHB Wes Goscinski 0-0: Swinging Strike
0-1: Ball
1-1: Ball
2-1: Ball
3-1: Base on Balls
Raul Rojas to second
Batting: RHB Andrew Korman 0-0: Ball
Raul Rojas steals 3rd, throwing error, E2
Raul Rojas scores
Wes Goscinski to third
1-0: Foul Ball, location: 2F
1-1: Ground out U3 (Groundball, 34, EV 85.6 MPH)
Bottom of the 7th over - 2 runs, 1 hit, 1 error, 1 left on base; Corpus Christi 0 - Bowie 2
TOP OF THE 8TH
Corpus Christi Hooks batting - Pitching for Bowie Baysox : RHP Travis Small
Now at 2B: Vince Jackson
Now at SS: Travis Carter
Batting: RHB Steve Moore 0-0: Ball
1-0: Ball
2-0: Ground out 5-3 (Groundball, 56, EV 100.0 MPH)
Batting: LHB Jimmy Edlin 0-0: Called Strike
0-1: Swinging Strike
0-2: Ball
1-2: Strikes out looking
Batting: LHB Kelvin Jones 0-0: Called Strike
0-1: Foul Ball, location: 2F
0-2: Ball
1-2: Strikes out swinging
Top of the 8th over - 0 runs, 0 hits, 0 errors, 0 left on base; Corpus Christi 0 - Bowie 2
BOTTOM OF THE 8TH
Bowie Baysox batting - Pitching for Corpus Christi Hooks : RHP Alex Salinas
Batting: RHB Ryan Taylor 0-0: Ball
1-0: Foul Ball, location: 2F
1-1: Swinging Strike
1-2: Strikes out swinging
Batting: RHB Vince Jackson 0-0: Ball
1-0: Ball
2-0: Swinging Strike
2-1: Ball
3-1: Ground out 6-3 (Groundball, 6, EV 78.1 MPH)
Batting: RHB Tony Logan 0-0: Swinging Strike
0-1: Foul Ball, location: 2F
0-2: Strikes out looking
Bottom of the 8th over - 0 runs, 0 hits, 0 errors, 0 left on base; Corpus Christi 0 - Bowie 2
TOP OF THE 9TH
Corpus Christi Hooks batting - Pitching for Bowie Baysox : RHP Travis Small
Pitching: LHP Kyohei Koyama
Now in LF: James Betron
Batting: RHB Workneh Lagat 0-0: Fly out, F8 (Line Drive, 78M, EV 99.4 MPH)
Batting: RHB Elijah Hunter 0-0: Ball
1-0: Foul Ball, location: 2F
1-1: Ball
2-1: Fly out, F9 (Flyball, 9LM, EV 82.5 MPH)
Batting: SHB Paskar Adegoke 0-0: Swinging Strike
0-1: Ball
1-1: Foul Ball, location: 2F
1-2: Strikes out looking
Top of the 9th over - 0 runs, 0 hits, 0 errors, 0 left on base; Corpus Christi 0 - Bowie 2
Tuesday, September 13th , 2022 - OOTP Baseball 23.7 Build 88